 Dungeon Crawl Stone Soup version 0.15.1-1-gfacfea3 (webtiles) character file.

352 Kex the Skirmisher (level 6, -4/51 HPs)
             Began as a Formicid Abyssal Knight on Sept 27, 2014.
             Was a Believer of Lugonu.
             Slain by an ogre
             ... wielding a cursed -2 giant club
              (21 damage)
             ... on Level 5 of the Dungeon.
             The game lasted 00:18:50 (3873 turns).

Kex the Skirmisher (Formicid Abyssal Knight)        Turns: 3873, Time: 00:18:50

HP  -4/51        AC  9     Str 18      XL: 6   Next: 94%
MP  10/11        EV 19     Int 11      God: Lugonu [**....]
Gold 255         SH  0     Dex 16      Spells:  0 memorised,  5 levels left

rFire  + . .     SeeInvis +     m - +0 spear (pierce)
rCold  . . .     Clarity  .     o - +1 ring mail {rF+}
rNeg   . . .     rCorr    .     (no shield)
rPois  .         rRot     .     (helmet unavailable)
rElec  .         Spirit   .     (no cloak)
SustAb .         Warding  .     d - +2 pair of gloves
rMut   .         Stasis   +     (no boots)
Gourm  .                        (no amulet)
MR     .....                    (no ring)
                                n - +4 ring of evasion

@: agile, not resistant to hostile enchantments, unstealthy
A: permanent stasis, dig shafts and tunnels, four strong arms, antennae 3
a: Dig, Shaft Self, Depart the Abyss, Bend Space, Renounce Religion


You were on level 5 of the Dungeon.
You worshipped Lugonu.
Lugonu was pleased with you.
You were hungry.

You visited 1 branch of the dungeon, and saw 5 of its levels.
You visited the Abyss 1 time.

You collected 255 gold pieces.

Inventory:

Hand weapons
 m - a +0 spear of piercing (weapon)
Armour
 d - a +2 pair of gloves (worn)
 o - a +1 ring mail of fire resistance (worn)
Magical devices
 B - a wand of flame (12) {unknown}
Comestibles
 c - 4 bread rations
 g - 2 meat rations
 i - 6 rotting chunks of orc flesh
 w - a royal jelly
Scrolls
 b - a scroll of magic mapping {unknown}
 f - 2 scrolls of immolation {unknown}
 h - 2 scrolls of enchant weapon {unknown}
 l - 2 scrolls of amnesia {unknown}
 p - 2 scrolls of remove curse {unknown}
 t - a scroll of recharging {unknown}
 y - a scroll of blinking {unknown}
Jewellery
 n - a +4 ring of evasion (left hand)
Potions
 a - 3 potions of curing
 e - a potion of cure mutation {unknown}
 j - 3 potions of agility
 k - a potion of cancellation {unknown}
 q - 2 potions of heal wounds {unknown}
 r - a potion of beneficial mutation {unknown}
 s - a potion of resistance {unknown}
 u - a potion of degeneration {unknown}
 v - a potion of might {unknown}
 x - a potion of porridge
 z - a potion of restore abilities {unknown}
 A - 2 potions of flight {unknown}


   Skills:
 + Level 5.0 Fighting
 + Level 3.8 Polearms
 + Level 3.3 Armour
 + Level 2.8 Dodging
 + Level 0.6 Stealth
 + Level 3.1 Invocations


You had 5 spell levels left.
You didn't know any spells.

Dungeon Overview and Level Annotations

Branches:
Dungeon (5/15)
 Temple: D:4-7

Altars:
Cheibriados
Xom

Shops:
D:5 (


Innate Abilities, Weirdness & Mutations

Your are under a permanent stasis effect.
You can dig through walls and to a lower floor.
Your four strong arms can wield two-handed weapons with a shield.
You have a pair of large antennae on your head (SInv).


Message History

You are too injured to fight recklessly!
You are too injured to fight recklessly!
Drink which item? (? for menu, Esc to quit)
You feel agile all of a sudden.
It was a potion of agility.
Use which ability? (? or * to list) Space bends around you!
You blink.
* * * LOW HITPOINT WARNING * * *
You feel slightly more hungry.
Drink which item? (? for menu, Esc to quit)
You feel better.
It was a potion of curing.
You hit the ogre but do no damage.
The ogre is heavily wounded.
The ogre completely misses you.
You hit the ogre.
The ogre is severely wounded.
You barely miss the ogre.
The ogre is severely wounded.
The ogre hits you with a giant club!!
You die...

#.##........ #.#
....... # #.#
....... .. #.#
....... # #.#
...... #####.#
...## . #...ยง.#
.... .. ##O#### .
... #@# ..^^ #.# .
#..^_ #.# ...
#..^. #.# ...
#.... #.######.#
#....
#......#.#######..
######.#..........
#............
#............


You could see an ogre.

Vanquished Creatures
  A goliath beetle (D:4)
  2 hounds (D:4)
  An orc priest (D:5)
  A worker ant (D:4)
  2 iguanas (D:4)
  Ijyb (D:4)
  2 adders
  A gnoll (D:1)
  A giant mite (D:4)
  3 worms (D:2)
  An orc zombie (D:5)
  4 giant geckos
  4 oozes
  2 orcs (D:5)
  5 bats
  A bat skeleton (D:4)
  6 hobgoblins
  8 kobolds
  A quokka (D:2)
  A giant cockroach (D:1)
  8 giant newts
  15 goblins
  2 jackals (D:3)
  10 rats
83 creatures vanquished.

Notes
Turn   | Place    | Note
--------------------------------------------------------------
     0 | Abyss:1  | Kex, the Formicid Abyssal Knight, began the quest for the Orb.
     0 | Abyss:1  | Reached XP level 1. HP: 18/18 MP: 1/1
    91 | Abyss:1  | Noticed a ynoxinul
    91 | D:1      | Escaped the Abyss
   250 | D:1      | Reached XP level 2. HP: 24/24 MP: 3/3
   564 | D:1      | Reached XP level 3. HP: 25/30 MP: 5/5
   617 | D:1      | Acquired Lugonu's first power
   629 | D:1      | Reached skill level 4 in Fighting
  1022 | D:2      | Reached skill level 1 in Dodging
  1201 | D:2      | Reached XP level 4. HP: 37/37 MP: 6/6
  1668 | D:2      | Acquired Lugonu's second power
  2592 | D:4      | Reached XP level 5. HP: 23/43 MP: 10/10
  2959 | D:4      | Reached XP level 6. HP: 46/49 MP: 11/11
  3138 | D:4      | Noticed Ijyb
  3163 | D:4      | Killed Ijyb
  3498 | D:5      | Entered Level 5 of the Dungeon
  3503 | D:5      | Found Engaw's Weapon Emporium.
  3715 | D:5      | Reached skill level 5 in Fighting
  3772 | D:5      | Found a shimmering altar of Xom.
  3775 | D:5      | Found a snail-covered altar of Cheibriados.
  3873 | D:5      | Slain by an ogre

Action                   |  1- 3 |  4- 6 || total
-------------------------+-------+-------++-------
Melee: Spear             |    90 |   317 ||   407
Invok: Depart the Abyss  |     1 |       ||     1
       Bend Space        |       |     3 ||     3
Evoke: Wand              |       |     1 ||     1
  Use: Scroll            |       |     3 ||     3
       Potion            |       |     2 ||     2
  Eat: Chunk             |     1 |     7 ||     8
       Pizza             |       |     1 ||     1
